 Dungeon Crawl Stone Soup version 0.23.1-37-gaa34b87b72 (webtiles) character file.

Game seed: 8840952796531883853

128 Rediskos the Skirmisher (level 5, -14/34 HPs)
             Began as a Gargoyle Fighter on Mar 24, 2019.
             Blown up by Pikel (19 damage)
             ... with a wand of disintegration (12)
             ... on level 3 of the Dungeon.
             The game lasted 00:04:12 (2614 turns).

Rediskos the Skirmisher (Gargoyle Fighter)          Turns: 2614, Time: 00:04:13

Health: -14/34     AC: 10    Str: 20    XL:     5   Next: 12%
Magic:  5/5        EV:  7    Int:  9    God:
Gold:   133        SH:  9    Dex:  9    Spells: 4/4 levels left

rFire    . . .     SeeInvis .   a - +0 flail
rCold    . . .     Gourm    .   c - +0 shield
rNeg     + . .     Faith    .   b - +0 scale mail
rPois    ∞         Spirit   .   (no helmet)
rElec    +         Reflect  .   (no cloak)
rCorr    .         Harm     .   (no gloves)
MR       .....                  (no boots)
Stlth    ..........             (no amulet)
HPRegen  0.11/turn              (no ring)
MPRegen  0.09/turn              (no ring)

@: no status effects
A: negative energy resistance 1, electricity resistance, unbreathing,
petrification resistance, rot immunity, AC +4
a: no special abilities


You were on level 3 of the Dungeon.
You were hungry.

You visited 1 branch of the dungeon, and saw 4 of its levels.

You collected 133 gold pieces.

Inventory:

Hand Weapons
 a - a +0 flail (weapon)
Missiles
 j - 6 javelins (quivered)
Armour
 b - a +0 scale mail (worn)
 c - a +0 shield (worn)
 e - a +0 helmet
Jewellery
 k - an uncursed ring of resist corrosion {unknown}
Scrolls
 g - a scroll of immolation {unknown}
 h - 2 scrolls of fog {unknown}
 m - 3 scrolls of remove curse {unknown}
 r - a scroll of amnesia {unknown}
 s - a scroll of enchant armour {unknown}
Potions
 d - a potion of might
 i - a potion of haste
 l - a potion of agility
 n - 2 potions of brilliance
 o - a potion of flight
 p - a potion of degeneration {unknown}
 q - a potion of resistance {unknown}
 t - a potion of ambrosia {unknown}
Comestibles
 f - 8 rations


   Skills:
 + Level 4.4 Fighting
 * Level 4.3 Maces & Flails
 - Level 3.2 Armour
 - Level 3.2 Shields


You had 4 spell levels left.
You didn't know any spells.
Your spell library was empty.

Dungeon Overview and Level Annotations

Branches:
Dungeon (4/15)
 Temple: D:4-7

Altars:

Annotations:
D:3 Pikel


Innate Abilities, Weirdness & Mutations

You are resistant to torment.
Your stone body is resilient. (AC +4)
You are immune to poison.
You resist negative energy. (rN+)
You are resistant to electric shocks. (rElec)
You can survive without breathing.
You are immune to petrification.
You are immune to rotting.


Message History

Pikel hits you but does no damage. You block the worker ant's attack.
You completely miss the worker ant. You block Pikel's attack.
The worker ant bites you but does no damage.
You thump the worker ant!
The worker ant is heavily wounded.
You block the worker ant's attack.
Pikel hits you with a +0 whip of electrocution.
The worker ant bites you but does no damage.
Pikel hits you with a +0 whip of electrocution.
* * * LOW HITPOINT WARNING * * *
You sock the worker ant!
You kill the worker ant!
You have reached level 5!
Pikel hits you with a +0 whip of electrocution.
* * * LOW HITPOINT WARNING * * *
You block Pikel's attack.
You see here a worker ant corpse.
Pikel zaps a wand.
You are blasted!
Ouch! That really hurt!
You die...

#.################
#..........<......
#.####......)#####
#.# #.......# #.#
#.......#
#.####.......#####
#.#.............o.
#.#.##############
#@#.# #.#.# #K#.#
#†#.##############
#>................
###.##############
#.# #.# #.#


You could see Pikel.

Vanquished Creatures
  A worker ant (D:3)
  Robin (D:3)
  An adder (D:3)
  An ooze (D:3)
  2 dart slugs
  A leopard gecko (D:2)
  5 orcs (D:3)
  3 giant cockroaches
  12 goblins
  10 hobgoblins
  2 jackals (D:2)
  6 kobolds
  A quokka (D:3)
  A ball python (D:2)
  2 bats
  4 frilled lizards (D:1)
  17 rats
70 creatures vanquished.

Notes
Turn   | Place    | Note
-------+----------+-------------------------------------------
     0 | D:1      | Rediskos the Gargoyle Fighter began the quest for the Orb.
     0 | D:1      | Reached XP level 1. HP: 14/14 MP: 1/1
    84 | D:1      | Reached XP level 2. HP: 19/19 MP: 2/2
   336 | D:1      | Reached XP level 3. HP: 21/24 MP: 3/3
  1562 | D:3      | Noticed Robin
  1599 | D:3      | Killed Robin
  1599 | D:3      | Reached XP level 4. HP: 16/29 MP: 4/4
  2598 | D:4      | Noticed Pikel
  2598 | D:4      | Noticed a slave
  2598 | D:4      | Noticed a slave
  2598 | D:4      | Noticed a slave
  2598 | D:4      | Noticed a slave
  2610 | D:3      | Reached XP level 5. HP: 8/34 MP: 5/5
  2614 | D:3      | Blown up by Pikel

Skill      XL: |  1  2  3  4 |
---------------+-------------+-----
Maces & Flails | 3 4 |  4.3
Fighting       | 4 |  4.4
Armour         | |  3.2
Shields        | |  3.2

Action                   |  1- 3 |  4- 6 || total
-------------------------+-------+-------++-------
Melee: Flail             |   140 |    74 ||   214
  Use: Scroll            |     1 |     3 ||     4
  Eat: Chunk             |     2 |     3 ||     5
Armor: Scale mail        |    55 |    44 ||    99
Dodge: Dodged            |    34 |    20 ||    54
Block: Shield            |    79 |    38 ||   117
